 Dungeon Crawl Stone Soup version 0.24-a0-251-g44e327ef01 (webtiles) character file.

Game seed: 3822966362144346933

86 Esekla the Skirmisher (level 4, -1/31 HPs)
             Began as an Octopode Abyssal Knight on Apr 17, 2019.
             Was a Believer of Lugonu.
             Slain by an orc priest
             ... wielding a +0 dagger
              (3 damage)
             ... on level 2 of the Dungeon.
             The game lasted 00:14:00 (1750 turns).

Esekla the Skirmisher (Octopode Abyssal Knight)     Turns: 1750, Time: 00:14:01

Health: -1/31      AC:  1    Str: 12    XL:     4   Next: 50%
Magic:  5/5        EV: 11    Int: 14    God:    Lugonu [**....]
Gold:   116        SH:  7    Dex: 11    Spells: 3/3 levels left

rFire    . . .     SeeInvis .   a - +1 falchion
rCold    . . .     Gourm    .   c - +0 shield
rNeg     . . .     Faith    .   (helmet restricted)
rPois    .         Spirit   .   (no amulet)
rElec    .         Reflect  .   (no ring)
rCorr    .         Harm     .   (no ring)
MR       .....                  (no ring)
Stlth    +++.......             (no ring)
HPRegen  0.10/turn              (no ring)
MPRegen  0.09/turn              (no ring)
                                (no ring)
                                (no ring)

@: no status effects
A: almost no armour, stealthy swim, amphibious, 8 rings, constrict 8, camouflage
1, gelatinous body 1
a: Depart the Abyss, Bend Space, Renounce Religion


You were on level 2 of the Dungeon.
You worshipped Lugonu.
Lugonu was pleased with you.
You were not hungry.

You visited 1 branch of the dungeon, and saw 3 of its levels.
You visited the Abyss 1 time.

You collected 116 gold pieces.

Inventory:

Hand Weapons
 a - a +1 falchion (weapon)
 i - a +2 whip of venom
 o - a +0 spear
Armour
 c - a +0 shield (worn)
 e - a +0 buckler
Scrolls
 d - a scroll of amnesia {unknown}
 f - a scroll of fog
 h - a scroll of remove curse
 j - a scroll of enchant weapon {unknown}
 l - a scroll of teleportation {unknown}
 n - a scroll of blinking {unknown}
Potions
 g - 4 potions of curing
 k - a potion of lignification {unknown}
 p - a potion of mutation
 q - a potion of haste
 r - a potion of cancellation
Comestibles
 b - a ration


   Skills:
 * Level 3.4 Fighting
 + Level 2.5 Long Blades
 * Level 3.3 Dodging
 + Level 1.5 Stealth
 * Level 1.6 Shields
 + Level 2.0 Invocations


You had 3 spell levels left.
You didn't know any spells.
Your spell library was empty.

Dungeon Overview and Level Annotations

Branches:
Dungeon (3/15)

Altars:
Fedhas


Innate Abilities, Weirdness & Mutations

You cannot wear most types of armour.
You are very stealthy in the water. (Stealth+)
You are amphibious.
You can wear up to eight rings at the same time.
You can use your tentacles to constrict eight enemies at once.
Your skin changes colour to match your surroundings (Stealth+).
Your rubbery body absorbs attacks. (AC +1, EV +1)


Message History

You hit the orc priest. You grab the orc priest.
You squeeze the orc priest, but do no damage.
The orc priest is heavily wounded.
You constrict the orc priest.
The orc priest hits you with a +0 dagger.
The orc barely misses you. You block the orc's attack.
The orc priest misses you.
You riposte.
You hit the orc priest but do no damage.
The orc priest is heavily wounded.
You hit the orc priest but do no damage.
You squeeze the orc priest, but do no damage.
The orc priest is heavily wounded.
You constrict the orc priest. The orc barely misses you.
You riposte.
You hit the orc but do no damage. Your grab misses the orc.
You squeeze the orc.
The orc is almost dead.
The orc hits you with a +0 flail!
* * * LOW HITPOINT WARNING * * *
The orc priest hits you with a +0 dagger.
You die...

.#.)#..##.#...## #...#..
#.##.#.##......# #######....#
.......##.#...## #.......#..#
##..#####.##.### #.#####...##
##.# #......# #.# ##.## #.#
#..###.##### #.# #.# #.#
#..###.....# #.# #.# #.#
##.#...###.###.# #.#
#.######....go@....#.# #.#
###............oo....#.######.#
.##########.....[.............#
.###########...#.....#.########
.............##......#.#
##################.....#
#######


You could see an orc priest, 2 orcs and a goblin.

Vanquished Creatures
  An orc wizard (D:2)
  An adder (D:2)
  A leopard gecko (D:1)
  2 giant cockroaches (D:2)
  8 goblins
  5 hobgoblins
  2 jackals (D:2)
  A quokka (D:2)
  A ball python (D:2)
  2 bats
  5 frilled lizards (D:2)
  12 kobolds
  4 rats
45 creatures vanquished.

Notes
Turn   | Place    | Note
-------+----------+-------------------------------------------
     0 | Abyss:1  | Esekla the Octopode Abyssal Knight began the quest for the
                  | Orb.
     0 | Abyss:1  | Reached XP level 1. HP: 16/16 MP: 2/2
    13 | Abyss:1  | Found a shimmering altar of Xom.
    84 | Abyss:3  | Noticed an entropy weaver
    85 | Abyss:3  | Noticed a tentacled starspawn
    91 | D:1      | Escaped the Abyss
   188 | D:1      | Reached XP level 2. HP: 16/21 MP: 3/3
   193 | D:1      | Reached * piety under Lugonu
   822 | D:2      | Reached XP level 3. HP: 11/26 MP: 4/4
   822 | D:2      | Reached skill level 1 in Shields
   900 | D:2      | Found a blossoming altar of Fedhas.
  1339 | D:1      | Reached skill level 1 in Stealth
  1449 | D:2      | Reached XP level 4. HP: 7/31 MP: 5/5
  1455 | D:2      | Reached ** piety under Lugonu
  1750 | D:2      | Slain by an orc priest

Levels and vault maps discovered:
D:1:      nicolae_arrival_somewhat_less_tricky_arrival, layout_loops_ring
D:2:      layout_loops_ring, fedhas_altar_2, minmay_small_reverse_x
D:3:      layout_basic, old_standard_altar, bloody_trog, uniq_terence
Abyss:1:  minivault_22
Abyss:2:  hangedman_abyss_overflow_altar
Abyss:3:  evilmike_abyss_exit_15, nicolae_abyss_rune_left_handed,
          hangedman_decor_points, hangedman_abyss_or_decor_stagger

Skill      XL: |  1  2  3 |
---------------+----------+-----
Shields        | 1 |  1.6
Dodging        | 3 |  3.3
Stealth        | 1 |  1.5
Fighting       | |  3.4
Long Blades    | |  2.5
Invocations    | |  2.0

Action                   |  1- 3 |  4- 6 || total
-------------------------+-------+-------++-------
Melee: Falchion          |    87 |    10 ||    97
       Constrict         |    27 |     2 ||    29
       Tentacles         |    10 |     6 ||    16
Invok: Depart the Abyss  |     1 |       ||     1
  Use: Potion            |     1 |       ||     1
       Scroll            |       |     4 ||     4
 Stab: Sleeping          |     4 |       ||     4
  Eat: Ration            |     1 |       ||     1
Armor: Skin              |     8 |       ||     8
Dodge: Dodged            |    46 |    13 ||    59
Block: Shield            |    36 |     8 ||    44
       Rpst.: Falchion   |    14 |     4 ||    18

Table legend:
 A = Non-vault XP
 B = Vault XP
 C = Vault XP percentage of total XP
 D = Non-vault monster count
 E = Vault monster count
 F = Vault count percentage of total count
                 A         B        C        D         E       F
            +---------+---------+-------+---------+---------+-------
      Total |     105 |      19 |  15.3 |      41 |       4 |   8.9
            +---------+---------+-------+---------+---------+-------
        D:1 |      27 |       0 |   0.0 |      17 |       0 |   0.0
        D:2 |      74 |      19 |  20.4 |      21 |       4 |  16.0
        D:3 |       4 |       0 |   0.0 |       3 |       0 |   0.0
            +---------+---------+-------+---------+---------+-------
